 Dungeon Crawl Stone Soup version 0.29.1-13-g9f3cf754e1 (webtiles) character file.

Game seed: 13341303280125496299

1420 protoss039 the Digger (level 8, -2/59 (62) HPs)
             Began as a Demonspawn Earth Elementalist on Feb 9, 2023.
             Was a Follower of Vehumet.
             Slain by a wight
             ... wielding a +2 scimitar of freezing
              (4 damage)
             ... on level 7 of the Dungeon.
             The game lasted 00:11:47 (7324 turns).

protoss039 the Digger (DsEE)                        Turns: 7324, Time: 00:11:47

HP:   -2/59 (62)    AC:  6    Str:  9    XL:     8   Next: 43%
MP:   3/15          EV: 13    Int: 19    God:    Vehumet [*.....]
Gold: 52            SH:  5    Dex: 27    Spells: 11/17 levels left

rFire   + . .      SeeInvis .   C - +6 halberd "Xalon" {flame, rElec rF+ rC- rN+ Will+}
rCold   x . .      Faith    .   (shield currently unavailable)
rNeg    + + .      Spirit   .   u - +1 robe {rN+}
rPois   .          Reflect  +   (no helmet)
rElec   +          Harm     .   i - +0 cloak
rCorr   .          Rampage  .   a - +0 pair of gloves
Will    +....                   j - +0 pair of boots
Stlth   ++++......              f - amulet of reflection
HPRegen 0.19/turn               s - +6 ring of dexterity
MPRegen 0.14/turn               w - +6 ring of dexterity

@: lightly drained
A: thin skeletal structure 1, foul stench 2, weakness stinger 1
a: Renounce Religion


You were on level 7 of the Dungeon.
You worshipped Vehumet.
Vehumet was aware of your devotion.
You visited 1 branch of the dungeon, and saw 7 of its levels.

You collected 277 gold pieces.
You spent 225 gold pieces at shops.

Inventory:

Hand Weapons
 C - the +6 halberd "Xalon" (weapon) {flame, rElec rF+ rC- rN+ Will+}
   (You bought it in a shop on level 5 of the Dungeon)

   It burns those it strikes, dealing additional fire damage.
   Big, fiery blades are also staple armaments of hydra-hunters.
   rF:        It protects you from fire.
   rC:        It makes you vulnerable to cold.
   rElec:     It insulates you from electricity.
   rN:        It protects you from negative energy.
   Will:      It increases your willpower.
Armour
 a - a +0 pair of gloves (worn)
 i - a +0 cloak (worn)
 j - a +0 pair of boots (worn)
 t - a +0 buckler
 u - a +1 robe of positive energy (worn)
Jewellery
 f - an amulet of reflection (around neck)
 s - a +6 ring of dexterity (left hand)
 w - a +6 ring of dexterity (right hand)
Wands
 k - a wand of roots (2)
 E - a wand of digging (6)
Scrolls
 g - a scroll of blinking {unknown}
 h - a scroll of fear {unknown}
 m - 2 scrolls of butterflies
 p - a scroll of noise {unknown}
 r - a scroll of amnesia
 x - a scroll of enchant armour {unknown}
 y - 2 scrolls of immolation
 A - a scroll of magic mapping {unknown}
 D - 2 scrolls of identify {unknown}
 F - a scroll of vulnerability {unknown}
 G - a scroll of enchant weapon {unknown}
Potions
 b - 2 potions of magic
 c - 4 potions of lignification {unknown}
 d - 3 potions of brilliance {unknown}
 e - a potion of attraction {unknown}
 l - 4 potions of heal wounds {unknown}
 n - a potion of ambrosia {unknown}
 o - 2 potions of degeneration {unknown}
 q - 2 potions of mutation {unknown}
 v - 2 potions of curing
 z - a potion of cancellation {unknown}
 B - a potion of flight {unknown}


   Skills:
 + Level 5.2 Fighting
 - Level 1.7 Dodging
 - Level 1.7 Stealth
 + Level 5.3 Spellcasting
 + Level 4.2 Conjurations
 - Level 0.8 Transmutations
 + Level 5.6 Earth Magic


You had 11 spell levels left.
You knew the following spells:

 Your Spells              Type           Power      Damage    Failure   Level
a - Sandblast             Erth           52%        2d12      1%          1
b - Passwall              Tmut/Erth      14%        N/A       4%          2
c - Stone Arrow           Conj/Erth      46%        3d9       4%          3

Your spell library contained the following spells:

 Spells                   Type           Power      Damage    Failure   Level
 Freeze                   Ice            20%        1d4       12%         1
 Petrify                  Tmut/Erth      17%        N/A       32%         4


Dungeon Overview and Level Annotations

Branches:
Dungeon (7/15) Zot: 26603  Temple (0/1) D:6

Altars:
Cheibriados
Gozag
Okawaru
Qazlal
Vehumet
Xom

Shops:
D:5 (


Innate Abilities, Weirdness & Mutations

You have a somewhat thin skeletal structure. (Dex +2, Stealth+)
You sometimes emit foul miasma when damaged in melee.
You have a small tail.


Message History

The wight freezes you. The wight barely misses you.
Reach: C) +6 halberd "Xalon" {flame, rElec rF+ rC- rN+ Will+}
Press: ? - help, Dir - move target, f/p - wight
Aim: a wight, wielding a +3 halberd of freezing and wearing a +0 robe (about 32% to evade the +6 halberd "Xalon")
You reach to attack!
You hit the wight. You burn the wight.
The wight is moderately damaged.
The wight closely misses you.
Casting: Sandblast (safe; 1% risk of failure)
Confirm with . or Enter, or press ? or * to list all spells.
Aiming: Sandblast (safe; 1% risk of failure)
Press: ? - help, Shift-Dir - straight line, f/p - wight
Aim: a wight, wielding a +3 halberd of freezing and wearing a +0 robe (moderately damaged, 83% to hit)
The blast of sand hits the wight.
The wight is heavily damaged.
The wight hits you from afar with a +3 halberd of freezing!
You partially resist.
You feel drained. The wight freezes you. You block the wight's attack.
You see here 3 stones.
The wight attacks as you move away!
The wight hits you with a +2 scimitar of freezing.
The wight freezes you. The wight attacks as you move away!
The wight hits you with a +2 scimitar of freezing!
The wight freezes you. The wight attacks as you move away!
The wight hits you with a +2 scimitar of freezing.
* * * LOW HITPOINT WARNING * * *
You partially resist.
You feel drained. The wight freezes you.
* * * LOW HITPOINT WARNING * * *
The wight attacks as you move away!
The wight hits you with a +2 scimitar of freezing.
* * * LOW HITPOINT WARNING * * *
The wight freezes you.
* * * LOW HITPOINT WARNING * * *
You emit a cloud of foul miasma!
It was a potion of curing.
You feel better.
The wight hits you with a +2 scimitar of freezing!
* * * LOW HITPOINT WARNING * * *
The wight freezes you.
You die...

#......#......#
.......##'#####
..........##
..........>##
#.##..(.....#
#.##.#####..############
..##...................#
##########...z.#######.#
...........###zz@....#.#
##########.# ##..#.#.#.#
#.# #..#<..#.#
#.####..#####.#
###...###.......#
#.......#.#######
#.......#...# #####
#.......'.#.# #...#
#.......#.#.###.#.####


You could see 3 wights.

Vanquished Creatures
  An orc warrior (D:6)
  2 ice beasts
  A black bear (D:7)
  A sky beast (D:7)
  An ogre (D:6)
  2 kobold brigands
  A bullfrog (D:7)
  A necrophage (D:5)
  3 howler monkeys (D:7)
  3 hounds (D:6)
  2 jellies
  An orc priest (D:3)
  Jessica (D:3)
  2 iguanas (D:6)
  3 orc wizards
  6 adders
  A shadow imp (D:5)
  2 white imps
  An ufetubus (D:4)
  A worm (D:2)
  2 dart slugs
  14 orcs
  7 ball pythons
  6 bats
  9 endoplasms
  5 giant cockroaches
  8 goblins
  3 hobgoblins
  6 jackals
  5 quokkas
  A frilled lizard (D:3)
  12 kobolds
  4 rats
118 creatures vanquished.

Vanquished Creatures (others)
  A kobold (D:5)
1 creature vanquished.

Grand Total: 119 creatures vanquished

Notes
Turn   | Place    | Note
-------+----------+-------------------------------------------
     0 | D:1      | protoss039 the Demonspawn Earth Elementalist began the
                  | quest for the Orb.
     0 | D:1      | Reached XP level 1. HP: 13/13 MP: 3/3
   256 | D:1      | Found a faded altar of an unknown god.
   303 | D:1      | Gained mutation: You have a small tail. [demonic ancestry]
   303 | D:1      | Reached XP level 2. HP: 20/20 MP: 1/5
   311 | D:1      | Reached skill level 1 in Fighting
  1098 | D:1      | Learned a level 2 spell: Passwall
  1243 | D:2      | Reached XP level 3. HP: 26/26 MP: 2/6
  2482 | D:3      | Gained mutation: You may rarely emit foul miasma when
                  | damaged in melee. [demonic ancestry]
  2482 | D:3      | Reached XP level 4. HP: 33/33 MP: 6/8
  2852 | D:3      | Noticed Jessica
  2857 | D:3      | Killed Jessica
  2858 | D:3      | Gained mutation: You sometimes emit foul miasma when
                  | damaged in melee. [demonic ancestry]
  2858 | D:3      | Reached XP level 5. HP: 33/39 MP: 4/9
  3731 | D:4      | Found a radiant altar of Vehumet.
  3749 | D:4      | Became a worshipper of Vehumet
  3823 | D:4      | Found an iron altar of Okawaru.
  3824 | D:4      | Found a shimmering altar of Xom.
  3826 | D:4      | Found an opulent altar of Gozag.
  3830 | D:4      | Found a stormy altar of Qazlal.
  4205 | D:4      | Learned a level 3 spell: Stone Arrow
  4206 | D:5      | Entered Level 5 of the Dungeon
  4364 | D:5      | Found a snail-covered altar of Cheibriados.
  4372 | D:5      | Noticed an ice beast
  4380 | D:5      | Killed an ice beast
  4381 | D:5      | Reached skill level 1 in Conjurations
  4381 | D:5      | Gained mutation: You have a somewhat thin skeletal
                  | structure. (Dex +2, Stealth+) [demonic ancestry]
  4381 | D:5      | Reached XP level 6. HP: 24/47 MP: 6/11
  5269 | D:5      | Found Fec Muth's Antique Weapon Emporium.
  5887 | D:5      | Bought a masterwork halberd for 225 gold pieces
  5887 | D:5      | Identified the +6 halberd "Xalon" {flame, rElec rF+ rC- rN+
                  | Will+} (You bought it in a shop on level 5 of the Dungeon)
  5954 | D:6      | Reached XP level 7. HP: 53/53 MP: 13/13
  6336 | D:6      | Found a staircase to the Ecumenical Temple.
  6525 | D:6      | Reached * piety under Vehumet
  6525 | D:6      | Offered knowledge of Freeze by Vehumet.
  6532 | D:6      | Reached skill level 5 in Earth Magic
  7001 | D:7      | Reached XP level 8. HP: 31/61 MP: 3/15
  7238 | D:7      | Reached skill level 5 in Spellcasting
  7273 | D:7      | Reached skill level 5 in Fighting
  7324 | D:7      | HP: 2/59 [wight/+2 scimitar of freezing (14)]
  7324 | D:7      | Slain by a wight

Illustrated notes

Levels and vault maps discovered:
D:1:      shiori_arrival_oz, layout_loops_ring, basic_ecumenical_altar
D:2:      layout_loops_ring, lemuel_flame_loot_1
D:3:      layout_loops_corners, fountainhead, st_stairs_5,
          corexii_leaking_fountain, uniq_jessica
D:4:      layout_basic, nicolae_overflow_hallway_of_the_gods
D:5:      layout_basic, cheibriados_altar_1, serial_shops, shop
D:6:      layout_loops_ring, minmay_temple_entry_butterflies,
          minmay_misc_feat_secret_circle
D:7:      layout_basic, enter_bailey_2, chequers_decorated_corner,
          chequers_arboretum, uniq_pikel

Skill      XL: |  1  2  3  4  5  6  7  8 |
---------------+-------------------------+-----
Fighting       | 1 2 3 4 5 |  5.2
Earth Magic    | 3 4 5 |  5.6
Spellcasting   | 3 4 5 |  5.3
Conjurations   | 1 2 3 4 |  4.2
Dodging        | |  1.7
Stealth        | |  1.7
Transmutations | |  0.8

Action                   |  1- 3 |  4- 6 |  7- 9 || total
-------------------------+-------+-------+-------++-------
Melee: Unarmed           |    37 |       |       ||    37
       Tailslap          |     9 |    13 |     2 ||    24
       Dagger            |     7 |    46 |       ||    53
       Halberd           |       |     1 |    33 ||    34
 Cast: Sandblast         |    58 |    56 |    24 ||   138
       Stone Arrow       |       |       |    14 ||    14
       Passwall          |       |       |     1 ||     1
Evoke: Wand              |       |       |     2 ||     2
  Use: Scroll            |       |     3 |       ||     3
       Potion            |       |       |     1 ||     1
 Stab: Sleeping          |     2 |     2 |     3 ||     7
Armor: Robe              |    25 |    26 |    12 ||    63
Dodge: Dodged            |    56 |    46 |    28 ||   130
Block: Other             |     3 |     2 |    13 ||    18
       Buckler           |       |    45 |       ||    45
       Reflection        |       |     3 |     2 ||     5
